[Event "Late-Titled-Tuesday-Blitz-August-29-2023"]
[Site "Chess.com"]
[Date "2023.08.29"]
[Round "1"]
[White "HenriL"]
[Black "Rud_Makarian"]
[Result "0-1"]
[WhiteElo "2504"]
[BlackElo "3007"]
[TimeControl "180+1"]
[EndTime "14:04:57 PDT"]
[Termination "Rud_Makarian won by resignation"]

1. d4 Nf6 2. Nf3 c5 3. c3 d5 4. g3 Nc6 5. Bg2 cxd4 6. cxd4 Bf5 7. O-O e6 8. Bf4 h6 9. Nc3 Qb6 10. Na4 Qb5 11. a3 Be7 12. b4 O-O 13. Nc5 Ne4 14. Rc1 a5 15. a4 Qxb4 16. Rb1 Bxc5 17. Rxb4 Bxb4 18. Ne5 Nc3 19. Qd2 Nxd4 20. Qb2 Ncxe2+ 21. Kh1 Nxf4 22. gxf4 Nc6 23. Nd7 Rfd8 24. Ne5 Nxe5 25. fxe5 d4 26. Bf3 d3 27. Bd1 d2 28. Qb3 Rac8 29. Qg3 Rc1 30. Rg1 g6 31. Qe3 Rd3 32.
Qe2 Ra3 33. Qb5 Be4+ 34. f3 Rxd1 0-1

[Event "Late-Titled-Tuesday-Blitz-August-29-2023"]
[Site "Chess.com"]
[Date "2023.08.29"]
[Round "1"]
[White "Mesa_1"]
[Black "ariosp"]
[Result "1-0"]
[WhiteElo "2563"]
[BlackElo "2235"]
[TimeControl "180+1"]
[EndTime "14:04:57 PDT"]
[Termination "Mesa_1 won by resignation"]

1. e4 e5 2. d4 exd4 3. Qxd4 Nc6 4. Qc4 d6 5. Nc3 Nf6 6. Nf3 Be7 7. Bf4 O-O 8. O-O-O Be6 9. Nd5 a6 10. h3 h6 11. g4 Re8 12. Rg1 g5 13. Be3 Bf8 14.
h4 Nxg4 15. hxg5 Nxe3 16. fxe3 Bxd5 17. exd5 Ne5 18. gxh6+ Kh8 19. Qf4 Qe7 20. Nd4 Ng6 21. Rxg6 fxg6 22. Ne6 Kh7 23. Bd3 1-0

[Event "Late-Titled-Tuesday-Blitz-August-29-2023"]
[Site "Chess.com"]
[Date "2023.08.29"]
[Round "1"]
[White "JoseRemolar"]
[Black "Zlatan56"]
[Result "0-1"]
[WhiteElo "2492"]
[BlackElo "2928"]
[TimeControl "180+1"]
[EndTime "14:04:59 PDT"]
[Termination "Zlatan56 won by resignation"]

1. e4 c5 2. Nf3 Nc6 3. Bb5 g6 4. O-O Bg7 5. Re1 e5 6. a4 Nge7 7. Nc3 O-O 8. d3 d6 9. Bg5 h6 10. Bh4 g5 11. Bg3 Bg4 12. h3 Bh5 13. Bh2 Nd4 14. g4 Bg6 15. Nxd4 cxd4 16. Ne2 d5 17. Ng3 a6 18. Nf5 axb5 19. Nxg7 Kxg7 20. Bxe5+ f6 21.
Bxd4 dxe4 22. dxe4 Nc6 23. Bc5 Re8 24. Qxd8 Rexd8 25.
axb5 Ne5 26. Rxa8 Rxa8 27. Kg2 Rc8 28. b4 Nd7 29. Bd4 Rxc2 0-1

[Event "Late-Titled-Tuesday-Blitz-August-29-2023"]
[Site "Chess.com"]
[Date "2023.08.29"]
[Round "1"]
[White "JoakimVonAnd"]
[Black "IMGC"]
[Result "1-0"]
[WhiteElo "2705"]
[BlackElo "2405"]
[TimeControl "180+1"]
[EndTime "14:04:59 PDT"]
[Termination "JoakimVonAnd won by resignation"]

1. Nf3 Nf6 2. g3 g6 3. Bg2 Bg7 4. O-O O-O 5. c4 c5 6. Nc3 Nc6 7. d4 cxd4 8. Nxd4 Nxd4 9. Qxd4 d6 10. Bg5 Be6 11. b3 Nd5 12. Qxg7+ Kxg7 13. Nxd5 Bxd5 14.
Bxd5 Qd7 15. Rad1 Rac8 16. Rd3 f6 17. Bc1 h5 18. h4 a6 19. a4 b5 20. axb5 axb5 21.
Be3 bxc4 22. bxc4 e6 23. Bf3 Rxc4 24. Ra1 d5 25. Rda3 Rfc8 26. Ra7 R8c7 27. Ra8 Rc8 28.
R8a7 R4c7 29. R7a6 d4 30. Bf4 e5 31. Bd2 Rc2 32.
Rd1 Rb8 33. Be4 Rc7 34. Kg2 Qb5 35. Bd3 Qb7+ 36. f3 Ra8 37. Rd6 Kf7 38. Be4 Qb4 39. Bxb4 1-0

[Event "Late-Titled-Tuesday-Blitz-August-29-2023"]
[Site "Chess.com"]
[Date "2023.08.29"]
[Round "1"]
[White "trriinu"]
[Black "WPWPWP-2015"]
[Result "0-1"]
[WhiteElo "2222"]
[BlackElo "2561"]
[TimeControl "180+1"]
[EndTime "14:05:02 PDT"]
[Termination "WPWPWP-2015 won by resignation"]

1. e4 c5 2. Nf3 d6 3. Bb5+ Bd7 4. Bxd7+ Qxd7 5. O-O e5 6. c3 f5 7. exf5 Nf6 8. d4 e4 9. Re1 Be7 10. Ng5 Qxf5 11.
Nxe4 Nxe4 12. Qe2 O-O 13. f3 Bh4 14. Qxe4 Bxe1 15. Qxe1 Nc6 16. dxc5 Rae8 17. Qf2 Ne5 18.
Bd2 Nd3 19. Qd4 dxc5 20. Qc4+ Kh8 21. Na3 Re2 22. Rd1 Rxg2+ 23. Kxg2 Qxf3+ 0-1

[Event "Late-Titled-Tuesday-Blitz-August-29-2023"]
[Site "Chess.com"]
[Date "2023.08.29"]
[Round "1"]
[White "BrandonJacobson"]
[Black "ErikRonka"]
[Result "1-0"]
[WhiteElo "3010"]
[BlackElo "2504"]
[TimeControl "180+1"]
[EndTime "14:05:09 PDT"]
[Termination "BrandonJacobson won by resignation"]

1. d4 d5 2. c4 e6 3. Nc3 Nf6 4. cxd5 Nxd5 5. e4 Nxc3 6. bxc3 c5 7. Rb1 Be7 8. Nf3 O-O 9. Bd3 b6 10. h4 Bb7 11. h5 h6 12. Rh3 Kh8 13. Be3 Nd7 14.
e5 cxd4 15. cxd4 Rc8 16. Qd2 Bxf3 17. gxf3 Qc7 18. Rb3 a5 19. Bxh6 Rg8 20. Rg3 a4 21. Bxg7+ 1-0

[Event "Late-Titled-Tuesday-Blitz-August-29-2023"]
[Site "Chess.com"]
[Date "2023.08.29"]
[Round "1"]
[White "HalfIsCrayfish"]
[Black "AleksandraMilovic"]
[Result "1-0"]
[WhiteElo "2540"]
[BlackElo "2127"]
[TimeControl "180+1"]
[EndTime "14:05:09 PDT"]
[Termination "HalfIsCrayfish won by resignation"]

1. d4 d5 2. c4 e6 3. Nf3 Nf6 4.
Nc3 Be7 5. Bf4 O-O 6. e3 b6 7. cxd5 exd5 8. Bd3 Bd6 9. Bg5 Bb7 10. O-O h6 11. Bh4 Be7 12. Rc1 Nbd7 13. Qe2 c5 14.
Rfd1 Ne4 15. Bxe7 Qxe7 16. dxc5 Nxc3 17. Rxc3 bxc5 18. Bb5 Nb6 19. Ba6 Bc6 20. Bb5 Bb7 21.
Ba6 Bc6 22. Rdc1 d4 23. exd4 Qxe2 24. Bxe2 Bxf3 25. Bxf3 cxd4 26. Rd3 Rac8 27. Rxc8 Rxc8 28. Rxd4 Rc2 29. Rd8+ 1-0

[Event "Late-Titled-Tuesday-Blitz-August-29-2023"]
[Site "Chess.com"]
[Date "2023.08.29"]
[Round "1"]
[White "Valeron87"]
[Black "MarcoRiehle"]
[Result "0-1"]
[WhiteElo "2447"]
[BlackElo "2833"]
[TimeControl "180+1"]
[EndTime "14:05:15 PDT"]
[Termination "MarcoRiehle won by resignation"]

1. e4 e5 2. Nf3 Nf6 3. Nc3 Nc6 4. g3 Bc5 5. Bg2 d6 6. d3 Bg4 7. h3 Bh5 8. O-O Qd7 9. Na4 Bb6 10. c3 O-O 11. Nxb6 axb6 12. Kh2 Rfe8 13. Bg5 Qe6 14. g4 Bg6 15. Nh4 Rxa2 16. Rxa2 Qxa2 17. Bxf6 gxf6 18. Qd2 Kh8 19. f4 exf4 20. Qxf4 Qe6 21. Ra1 Qe5 22. Kg3 Kg7 23. Ra7 Nxa7 0-1

[Event "Late-Titled-Tuesday-Blitz-August-29-2023"]
[Site "Chess.com"]
[Date "2023.08.29"]
[Round "1"]
[White "jinbojinbo"]
[Black "kiwibobo"]
[Result "1-0"]
[WhiteElo "2686"]
[BlackElo "2383"]
[TimeControl "180+1"]
[EndTime "14:05:15 PDT"]
[Termination "jinbojinbo won by resignation"]

1. Nf3 Nf6 2. g3 g6 3. Bg2 Bg7 4. O-O O-O 5. c4 c6 6. d4 d5 7. a4 Be6 8. cxd5 Nxd5 9. e4 Nb6 10. Nc3 Bg4 11. Ne2 Bxf3 12. Bxf3 e5 13. a5 Nc4 14. Qd3 Nd6 15. dxe5 Bxe5 16. Bh6 Bg7 17.
Bxg7 Kxg7 18. Rfd1 Qf6 19. e5 Qf5 20. exd6 1-0

[Event "Late-Titled-Tuesday-Blitz-August-29-2023"]
[Site "Chess.com"]
[Date "2023.08.29"]
[Round "1"]
[White "Andrei_Skvortsov"]
[Black "Onthequiet"]
[Result "1-0"]
[WhiteElo "2682"]
[BlackElo "2379"]
[TimeControl "180+1"]
[EndTime "14:05:15 PDT"]
[Termination "Andrei_Skvortsov won by resignation"]

1. e4 c6 2. e5 d5 3. exd6 exd6 4.
Nf3 Nf6 5. d4 Bg4 6. h3 Bh5 7.
Bd3 Be7 8. O-O O-O 9. Re1 Re8 10.
g4 Bg6 11. Nc3 Nbd7 12. Bf4 Nb6 13. Qd2 Nfd5 14. Nxd5 Nxd5 15. Bg3 a5 16. c4 Bxd3 17. Qxd3 Nb4 18. Qc3 Bf6 19. a3 Na6 20. Rxe8+ Qxe8 21.
Bxd6 Qd7 22. Be5 Nc7 23. Bxf6 gxf6 24. Re1 Ne6 25. d5 cxd5 26. cxd5 Qxd5 27. Qxf6 Rc8 28. Ne5 Nf8 29. Qg5+ Ng6 30. h4 f6 31. Nxg6 Qxg5 32. Ne7+ Kf7 33. hxg5 1-0

[Event "Late-Titled-Tuesday-Blitz-August-29-2023"]
[Site "Chess.com"]
[Date "2023.08.29"]
[Round "1"]
[White "czasnaszachy"]
[Black "GMBenjaminBok"]
[Result "0-1"]
[WhiteElo "2484"]
[BlackElo "2918"]
[TimeControl "180+1"]
[EndTime "14:05:19 PDT"]
[Termination "GMBenjaminBok won by resignation"]

1. e4 c5 2. Nf3 d6 3. d4 cxd4 4. Nxd4 Nf6 5. Nc3 a6 6. Bd3 g6 7.
f3 Bg7 8. Be3 b5 9. Qd2 h5 10.
O-O Bb7 11. Kh1 Nbd7 12. a4 bxa4 13. Nxa4 d5 14. exd5 Nxd5 15. Bf2 O-O 16. c4 N5f6 17. Rfe1 Re8 18. Rad1 Qc7 19. Nb3 e5 20. Na5 Rab8 21. Nxb7 Rxb7 22. b4 e4 23. fxe4 Ng4 24. Bg1 Bd4 25.
e5 Bxg1 26. Kxg1 Ndxe5 27. Be4 Nxc4 0-1

[Event "Late-Titled-Tuesday-Blitz-August-29-2023"]
[Site "Chess.com"]
[Date "2023.08.29"]
[Round "1"]
[White "emiliocordova"]
[Black "Piotrek1979"]
[Result "1-0"]
[WhiteElo "2869"]
[BlackElo "2461"]
[TimeControl "180+1"]
[EndTime "14:05:23 PDT"]
[Termination "emiliocordova won by resignation"]

1. d4 Nf6 2. Bg5 d6 3. Bxf6 gxf6 4. e3 f5 5. g3 Bg7 6. c3 Nd7 7. Bg2 Nf6 8. Ne2 h5 9. h4 c6 10.
Nd2 a5 11. a4 Qc7 12. O-O Bd7 13. Qc2 e6 14. b4 d5 15. Rab1 Ne4 16. c4 axb4 17.
Rxb4 Qa5 18. Rfb1 Bc8 19. c5 Bf6 20. Nf4 Bd8 21. Bf3 Nf6 22. Qd1 Qa7 23. Nb3 Ng4 24. Nd3 Bc7 25. a5 Qb8 26. Qe1 Bxa5 27. Nxa5 Rxa5 28. Rxb7 Qa8 29. Rb8 Qa6 30. Nb4 1-0

[Event "Late-Titled-Tuesday-Blitz-August-29-2023"]
[Site "Chess.com"]
[Date "2023.08.29"]
[Round "1"]
[White "JosephRyan"]
[Black "jk13"]
[Result "0-1"]
[WhiteElo "2357"]
[BlackElo "2668"]
[TimeControl "180+1"]
[EndTime "14:05:26 PDT"]
[Termination "jk13 won by checkmate"]

1. e4 e5 2. Nf3 Nc6 3. Nc3 Nf6 4.
Bb5 Bd6 5. O-O O-O 6. Bxc6 dxc6 7. d3 h6 8. h3 c5 9. Nh2 Re8 10. f4 exf4 11. Bxf4 Bxf4 12. Rxf4 Be6 13. Qf3 Nd7 14. Qf2 b6 15. Rf1 Ne5 16. Nf3 Ng6 17. Nh4 Nxf4 18.
Qxf4 Qg5 19. Qf2 Rad8 20. Nf3 Qf4 21. Ne2 Qf6 22. Qg3 Qxb2 23. Nf4 Qf6 24. e5 Qf5 25. Nh4 Qg5 26. Qh2 Rd4 27. Nxe6 Rxe6 28. Nf3 Qe3+ 29. Kh1 Rf4 30. Re1 Rxf3 31. Rxe3 Rxe3 32. Qf4 R3xe5 33.
Qa4 a5 34. Qd7 Re7 35. Qd8+ Kh7 36. Qc8 g6 37. Kh2 h5 38. Qb8 Kg7 39. Qc8 Rg5 40. h4 Rg4 41. g3 Re2+ 42. Kh3 Re3 43. a4 Rexg3+ 44. Kh2 Rg2+ 45. Kh3 R4g3# 0-1

[Event "Late-Titled-Tuesday-Blitz-August-29-2023"]
[Site "Chess.com"]
[Date "2023.08.29"]
[Round "1"]
[White "only_strong_moves"]
[Black "nihalsarin"]
[Result "0-1"]
[WhiteElo "2520"]
[BlackElo "3120"]
[TimeControl "180+1"]
[EndTime "14:05:29 PDT"]
[Termination "nihalsarin won by resignation"]

1. d4 c5 2. d5 e5 3. c4 d6 4. Nc3 Be7 5. Nf3 Bg4 6. g3 Nf6 7. Bg2 O-O 8. O-O Nbd7 9. Nh4 Ne8 10. h3 Bh5 11. Nf5 Bg6 12. Nxe7+ Qxe7 13. e4 Nc7 14. Bd2 a6 15. a4 b6 16. Qe2 f6 17. a5 Rfb8 18. axb6 Rxb6 19. Ra2 Bf7 20. f4 Rab8 21. Bc1 Rb4 22. Na4 Nb6 23. Nxb6 R8xb6 24. Qc2 Bg6 25. Bd2 Rb3 26. fxe5 Qxe5 27. Bc3 Qxg3 28.
Ba5 Rb7 29. Bxc7 Rxc7 30. Rxa6 Rcb7 31. Ra8+ Kf7 32. Rf2 Rxb2 33. Qxb2 Rxb2 34. Rxb2 Bxe4 35. Kf1 Qd3+ 0-1

[Event "Late-Titled-Tuesday-Blitz-August-29-2023"]
[Site "Chess.com"]
[Date "2023.08.29"]
[Round "1"]
[White "Fuzesabonyilaci"]
[Black "cassoulet"]
[Result "0-1"]
[WhiteElo "2417"]
[BlackElo "2728"]
[TimeControl "180+1"]
[EndTime "14:05:32 PDT"]
[Termination "cassoulet won by resignation"]

1. d4 Nf6 2. Nf3 g6 3. Bg5 Bg7 4. Nbd2 d5 5. g3 O-O 6. Bg2 c5 7. dxc5 Qa5 8. O-O Qxc5 9. Nb3 Qc7 10. Bf4 Qb6 11. Be5 Nc6 12. c3 Nxe5 13. Nxe5 Rd8 14. Qd4 Qc7 15. Nf3 Ne4 16. Qd1 e5 17. Nfd2 Nf6 18. Qc2 Be6 19. Rac1 Rac8 20. Qb1 a5 21. e4 a4 22. Na1 Bh6 23. Rcd1 Bg4 24. f3 Be6 25.
Kh1 d4 26. cxd4 Rxd4 27. Rc1 Qd8 28. Rxc8 Bxc8 29. f4 Rxd2 30. fxe5 Ng4 0-1

[Event "Late-Titled-Tuesday-Blitz-August-29-2023"]
[Site "Chess.com"]
[Date "2023.08.29"]
[Round "1"]
[White "NotFischer"]
[Black "biostatistician"]
[Result "0-1"]
[WhiteElo "2256"]
[BlackElo "2575"]
[TimeControl "180+1"]
[EndTime "14:05:32 PDT"]
[Termination "biostatistician won by resignation"]

1. e4 e5 2. f4 Nc6 3. Nf3 f5 4. exf5 e4 5. Ng5 Nf6 6. Nc3 d5 7. Be2 Bxf5 8. g4 Bc8 9. d3 h6 10. Nh3 e3 11. d4 Nxg4 12. O-O Qh4 13. Rf3 Bd6 14. Bxe3 O-O 15. Nxd5 Nxe3 16. Nxe3 Bxh3 17. Bc4+ Kh8 18. Ng2 Bxg2 19. Kxg2 Rxf4 20. Rxf4 Qxf4 21. Qh5 Qd2+ 22. Kh1 Rf8 23. Bf7 Nxd4 24. Rg1 Qf2 25. Bg6 Nf3 0-1

[Event "Late-Titled-Tuesday-Blitz-August-29-2023"]
[Site "Chess.com"]
[Date "2023.08.29"]
[Round "1"]
[White "Bauman_Guy"]
[Black "SergioMoralesG"]
[Result "1-0"]
[WhiteElo "2847"]
[BlackElo "2451"]
[TimeControl "180+1"]
[EndTime "14:05:33 PDT"]
[Termination "Bauman_Guy won by resignation"]

1. e4 c5 2. Nf3 e6 3. d4 cxd4 4. Nxd4 Nc6 5. Nc3 Qc7 6. g3 b6 7.
Bf4 e5 8. Ndb5 Qb8 9. Be3 a6 10.
Na3 Nf6 11. Nc4 Nd4 12. Nxe5 Nxc2+ 13. Qxc2 Qxe5 14. Bg2 Bc5 15. Bf4 Qe6 16. O-O Bb7 17.
Nd5 O-O 18. Nc7 Bxe4 19. Bxe4 Qxe4 20. Qxe4 Nxe4 21. Nxa8 Rxa8 22. Kg2 d5 23. Rad1 Rd8 24. f3 Nf6 25. Rfe1 h6 26. Be5 Ne8 27. Bd4 Kf8 28. Re2 Nd6 29. Bxc5 bxc5 30. Rxd5 f6 31. Rxc5 Rb8 32.
b3 Nb5 33. Rd2 Ke7 34. Rc6 Rb7 35. Rxa6 Nc3 36. Rc6 Nb5 37. a4 Nc7 38. a5 Nb5 39.
Rb6 Rxb6 40. axb6 Nd6 41. Rc2 Kd7 42. Rc7+ Kd8 43. Rxg7 1-0

[Event "Late-Titled-Tuesday-Blitz-August-29-2023"]
[Site "Chess.com"]
[Date "2023.08.29"]
[Round "1"]
[White "Sinquefield"]
[Black "Aygehovit1992"]
[Result "1-0"]
[WhiteElo "2447"]
[BlackElo "2732"]
[TimeControl "180+1"]
[EndTime "14:05:35 PDT"]
[Termination "Sinquefield won by resignation"]

1. d4 Nf6 2. Nf3 e6 3. Bg5 h6 4.
Bh4 g5 5. Bg3 c5 6. e3 Nc6 7. c3 b6 8. Nbd2 Bb7 9. Bd3 Nh5 10. Qe2 Nxg3 11. hxg3 Bg7 12. a3 Rc8 13. b4 cxd4 14. exd4 Ne7 15. Rc1 Rc7 16. O-O Qc8 17. c4 O-O 18. Ne4 Bxe4 19. Qxe4 f5 20. Qe3 Rf7 21.
g4 fxg4 22. Ne5 Rf4 23. g3 Nf5 24. Bxf5 Rxf5 25. Nxg4 Rxc4 26. Rxc4 Qxc4 27. Rc1 Qxd4 28. Nxh6+ Kf8 29. Rc8+ 1-0

[Event "Late-Titled-Tuesday-Blitz-August-29-2023"]
[Site "Chess.com"]
[Date "2023.08.29"]
[Round "1"]
[White "Alexander_Moskalenko"]
[Black "MusicCityMaster"]
[Result "1-0"]
[WhiteElo "2826"]
[BlackElo "2441"]
[TimeControl "180+1"]
[EndTime "14:05:41 PDT"]
[Termination "Alexander_Moskalenko won by resignation"]

1. b3 e5 2. Bb2 Nc6 3. e3 a6 4. Nf3 Bd6 5. d3 Nf6 6. Nbd2 O-O 7. Nc4 Qe7 8. Nxd6 Qxd6 9. Be2 Re8 10. O-O b5 11. d4 exd4 12. Nxd4 Nxd4 13. Qxd4 Qxd4 14.
Bxd4 Bb7 15. a4 b4 16. a5 Ne4 17. f3 Nc3 18. Bd3 d6 19. Kf2 Nd5 20. Rfe1 c5 21. Bb2 g6 22. g4 Re7 23. h4 Rae8 24. e4 Nf4 25. Bf1 h5 26. g5 Ne6 27. Rad1 Rd7 28. Bf6 Nc7 29. Bh3 Ne6 30. Rd2 d5 31. exd5 Rxd5 32.
Rxd5 Bxd5 33. Re5 Bb7 34. Bxe6 Rxe6 35. Rxc5 Rc6 36. Be7 Rxc5 37. Bxc5 f5 38. Bxb4 Kf7 39. f4 Ke6 40. Ke3 Kd5 41. c4+ Ke6 42. Kd4 Be4 43.
Bc5 Bc2 44. b4 Ba4 45. Ba7 Kd6 46. Bb8+ Ke6 47. Be5 Kd7 48. Kc5 Bb3 49. b5 axb5 50.
cxb5 Kc8 51. a6 Bd1 52. b6 Bf3 53. b7+ Bxb7 54. axb7+ Kxb7 55. Kd6 Kb6 56. Ke6 Kc5 57. Kf6 Kd5 58. Kxg6 Ke4 59. Kxh5 Kf3 60. Kg6 Kg4 61. h5 1-0

[Event "Late-Titled-Tuesday-Blitz-August-29-2023"]
[Site "Chess.com"]
[Date "2023.08.29"]
[Round "1"]
[White "ritanovikova"]
[Black "Chessdreamer2020"]
[Result "0-1"]
[WhiteElo "2146"]
[BlackElo "2544"]
[TimeControl "180+1"]
[EndTime "14:05:41 PDT"]
[Termination "Chessdreamer2020 won by resignation"]

1. e4 c5 2. Nc3 Nc6 3. d3 g6 4. Be3 d6 5. Qd2 Bg7 6. g3 Rb8 7. Bg2 b5 8. h4 b4 9. Nd1 h5 10. Nh3 Nf6 11. f3 Ba6 12. Nhf2 Nd4 13. c3 bxc3 14.
bxc3 Nc6 15. O-O Qa5 16. Nh3 Qb5 17. Ndf2 O-O 18. Bh6 Qb2 19. Qxb2 Rxb2 20. Bxg7 Kxg7 21. Rfb1 Rfb8 22. Rxb2 Rxb2 23. Nf4 Nd7 24. a3 Rb3 25. c4 Nd4 26. a4 Ne5 27. Nd5 Nxd3 28. Nxd3 Rxd3 29.
Nxe7 Nxf3+ 30. Bxf3 Rxf3 31. Kg2 Re3 32. Nc6 Rxe4 33.
Nxa7 Rxc4 34. Kf2 Rc2+ 35. Ke3 d5 36. Nc6 d4+ 37. Kf4 Rf2+ 38. Ke5 d3 39. Kd5 d2 40.
Kxc5 Be2 41. a5 Rf1 0-1

[Event "Late-Titled-Tuesday-Blitz-August-29-2023"]
[Site "Chess.com"]
[Date "2023.08.29"]
[Round "1"]
[White "jeetjain"]
[Black "egnfanclub"]
[Result "1-0"]
[WhiteElo "2608"]
[BlackElo "2308"]
[TimeControl "180+1"]
[EndTime "14:05:42 PDT"]
[Termination "jeetjain won on time"]

1. d4 d5 2. Nf3 Nf6 3. Bf4 Bf5 4.
e3 e6 5. c3 c6 6. Nh4 Be4 7. f3 Bg6 8. Nxg6 hxg6 9. h3 Bd6 10.
Bxd6 Qxd6 11. Kf2 Nbd7 12. Nd2 Nh5 13. f4 Nhf6 14. Bd3 O-O-O 15. a4 c5 16. a5 a6 17. Qf3 Kb8 18. Rhb1 cxd4 19. cxd4 Qb4 20. Qd1 Rc8 21. Ra4 Qd6 22. b4 Rc3 23. Qe2 Rhc8 24. b5 axb5 25.
Rab4 Rc1 26. R1b2 g5 27. Rxb5 R8c7 28. fxg5 Ne8 29. a6 Qh2 30. Rxb7+ Rxb7 31. Rxb7+ Kc8 32. Nf3 Qd6 33. Qb2 Qc6 34. Rxd7 Qxd7 35. Qxc1+ 1-0

[Event "Late-Titled-Tuesday-Blitz-August-29-2023"]
[Site "Chess.com"]
[Date "2023.08.29"]
[Round "1"]
[White "SicilianPanzer"]
[Black "aa175"]
[Result "0-1"]
[WhiteElo "2309"]
[BlackElo "2609"]
[TimeControl "180+1"]
[EndTime "14:05:44 PDT"]
[Termination "aa175 won by resignation"]

1. Nf3 d5 2. g3 Bf5 3. Bg2 e6 4. O-O Nf6 5. c4 c6 6. cxd5 cxd5 7. d3 Nc6 8. Nc3 Be7 9. Qb3 Qb6 10.
Qxb6 axb6 11. Be3 Nd7 12. Nd4 Bg6 13. f4 Bc5 14. Nc2 Bxe3+ 15. Nxe3 d4 16. Nb5 dxe3 17. Nc7+ Ke7 18. Nxa8 Rxa8 19. Rfc1 Nd4 20. Kf1 Nc5 21. b4 Nxd3 22. exd3 Bxd3+ 23. Ke1 Nc2+ 24. Rxc2 Bxc2 25. a3 Rd8 26. Bxb7 Rd2 27. h4 Bd3 28. Rd1 Re2+ 29. Kf1 Rf2+ 30. Kg1 e2 0-1

[Event "Late-Titled-Tuesday-Blitz-August-29-2023"]
[Site "Chess.com"]
[Date "2023.08.29"]
[Round "1"]
[White "MYMChessAcademy"]
[Black "AndreiITrifan"]
[Result "0-1"]
[WhiteElo "2230"]
[BlackElo "2562"]
[TimeControl "180+1"]
[EndTime "14:05:46 PDT"]
[Termination "AndreiITrifan won by checkmate"]

1. e4 e5 2. Nf3 Nc6 3. Bc4 Bc5 4. d3 Nf6 5. c3 d6 6. a4 a6 7. b4 Ba7 8. O-O h6 9. h3 g5 10. Re1 g4 11. hxg4 Bxg4 12. Be3 Nh5 13. Nbd2 Qf6 14. b5 Bxe3 15. Rxe3 Ne7 16. bxa6 bxa6 17. a5 Nf4 18. d4 Rg8 19. dxe5 dxe5 20. Kf1 Nxg2 21. Rd3 Nf4 22. Re3 Be6 23. Bxe6 Qxe6 24. Qa4+ c6 25. Ne1 Rd8 26. Nc4 Qg4 27. Nf3 Qg2+ 28. Ke1 Qh1+ 29.
Ng1 Rxg1# 0-1

[Event "Late-Titled-Tuesday-Blitz-August-29-2023"]
[Site "Chess.com"]
[Date "2023.08.29"]
[Round "1"]
[White "KVAIDAN"]
[Black "eldur16"]
[Result "0-1"]
[WhiteElo "2317"]
[BlackElo "2626"]
[TimeControl "180+1"]
[EndTime "14:05:47 PDT"]
[Termination "eldur16 won by resignation"]

1. f4 c5 2. Nf3 Nc6 3. e3 g6 4. d3 Bg7 5. Be2 d5 6. O-O Nf6 7. Kh1 O-O 8. a4 Qc7 9. Nc3 a6 10. e4 dxe4 11. dxe4 Rd8 12. Qe1 Nd4 13. Bd1 Be6 14.
Qh4 Bc4 15. Re1 b5 16. axb5 axb5 17. Rxa8 Rxa8 18. b3 b4 19. bxc4 bxc3 20. e5 Nd7 21. Qxe7 Nf5 22. Qg5 Ra1 23. Be2 f6 24. exf6 Nxf6 25.
Bd3 Qd7 26. Ne5 Qe6 27. Bxf5 Qxf5 28. Qg3 Ne4 29. Qf3 Bxe5 30. fxe5 Qxe5 31. g3 Nd2 32. Qd5+ Qxd5+ 33. cxd5 Nf3 34. Rd1 Nd4 35. Kg2 Kf7 36. d6 Ke6 37. h4 Kd7 38. g4 Nxc2 39. h5 Ne3+ 40. Bxe3 Rxd1 41. Bxc5 c2 42. hxg6 hxg6 43. Ba3 c1=Q 44. Bxc1 Rxc1 0-1

[Event "Late-Titled-Tuesday-Blitz-August-29-2023"]
[Site "Chess.com"]
[Date "2023.08.29"]
[Round "1"]
[White "FedaMaster"]
[Black "nitpicker"]
[Result "1-0"]
[WhiteElo "2609"]
[BlackElo "2290"]
[TimeControl "180+1"]
[EndTime "14:05:47 PDT"]
[Termination "FedaMaster won by resignation"]

1. e4 c5 2. d4 cxd4 3. c3 dxc3 4. Nxc3 Nc6 5. Nf3 d6 6. Bc4 a6 7. O-O Nf6 8. Be3 Bg4 9. Qb3 e6 10. Nd4 Ne5 11. Qxb7 Nxc4 12. Qc6+ Nd7 13. Qxc4 Qc8 14. Qa4 Be7 15. f3 Bh5 16. Rac1 Qb7 17. Nc6 Bf6 18. Na5 Qb8 19. Rfd1 Qd8 20. Nb7 Qe7 21. Rxd6 Rb8 22. Qc6 Rxb7 23. Qc8+ Qd8 24. Qxb7 Ke7 25. Bc5 Be5 26.
Rxe6+ Kxe6 27. Qc6+ 1-0

[Event "Late-Titled-Tuesday-Blitz-August-29-2023"]
[Site "Chess.com"]
[Date "2023.08.29"]
[Round "1"]
[White "aqibjbutt"]
[Black "chessisveryfun1264"]
[Result "1/2-1/2"]
[WhiteElo "1992"]
[BlackElo "2518"]
[TimeControl "180+1"]
[EndTime "14:05:47 PDT"]
[Termination "Game drawn by repetition"]

1. d3 e5 2. g3 d5 3. Bg2 Nc6 4. c3 g6 5. Nd2 Bg7 6. Nb3 b6 7. Nf3 Bb7 8. e4 Nge7 9. Qe2 O-O 10. O-O Kh8 11. Ng5 h6 12. Nh3 f5 13. f4 dxe4 14. dxe4 Re8 15. Kh1 exf4 16. Nxf4 Ne5 17.
exf5 Bxg2+ 18. Qxg2 Nxf5 19. Bd2 Qd6 20. Rae1 Nc4 21. Bc1 Nce3 22. Bxe3 Nxe3 23. Rxe3 Rxe3 24. Qxa8+ Kh7 25. Qd5 Qe7 26. Nd4 c5 27. Nde6 Re5 28.
Qd8 Rxe6 29. Nxe6 Qxe6 30. Qc7 Qe4+ 31. Kg1 Qe3+ 32. Kg2 Qe4+ 33. Rf3 Qe2+ 34. Rf2 Qe4+ 35. Kg1 Qe1+ 36. Kg2 Qe4+ 37. Kg1 Qe1+ 38. Kg2 Qe4+ 1/2-1/2

[Event "Late-Titled-Tuesday-Blitz-August-29-2023"]
[Site "Chess.com"]
[Date "2023.08.29"]
[Round "1"]
[White "tptagain"]
[Black "Haykoooo0o"]
[Result "1-0"]
[WhiteElo "2886"]
[BlackElo "2471"]
[TimeControl "180+1"]
[EndTime "14:05:50 PDT"]
[Termination "tptagain won by resignation"]

1. Nf3 d5 2. e3 Nf6 3. c4 c6 4. Nc3 Bg4 5. Qb3 Qb6 6. cxd5 Qxb3 7. axb3 Bxf3 8. gxf3 Nxd5 9. d4 e6 10. Bd2 Nd7 11. Ne4 Be7 12. Bd3 g6 13. Ke2 a6 14.
f4 h5 15. Bc3 N7f6 16. Nd2 Nd7 17. Nc4 O-O-O 18. Ba5 b6 19. Bd2 Kb7 20. Ne5 Nxe5 21. Bxa6+ Kc7 22. fxe5 b5 23. Ba5+ Nb6 24. Rhc1 Rd5 25. e4 Rxd4 26. Bxb5 c5 27. Bc3 Rxe4+ 28. Kf3 Rh4 29. Ra7+ Kd8 30. Ba5 1-0

[Event "Late-Titled-Tuesday-Blitz-August-29-2023"]
[Site "Chess.com"]
[Date "2023.08.29"]
[Round "1"]
[White "Nick12772"]
[Black "Korchmar_Vasiliy"]
[Result "0-1"]
[WhiteElo "2381"]
[BlackElo "2684"]
[TimeControl "180+1"]
[EndTime "14:05:50 PDT"]
[Termination "Korchmar_Vasiliy won by resignation"]

1. Nf3 d5 2. g3 g6 3. Bg2 Bg7 4. O-O e5 5. d3 Ne7 6. e4 O-O 7.
exd5 Nxd5 8. Re1 Nc6 9. Nc3 Nxc3 10. bxc3 Rb8 11. Bb2 b6 12. Nd2 Bb7 13. Nc4 Re8 14.
Ne3 Na5 15. Bxb7 Nxb7 16. c4 Nc5 17. Nd5 c6 18. Ne3 Qd7 19. Qg4 f5 20. Qh3 Na4 21. Rab1 Nxb2 22. Rxb2 e4 23. Rb3 Rbd8 24. Rd1 Qe6 25.
Ng2 exd3 26. cxd3 Qe2 27. Rbb1 Qxa2 28. Ra1 Bxa1 29. Nf4 Bg7 30. Qh4 Qb2 31. d4 Qb3 32. Rc1 Rxd4 33. Qg5 Rxc4 34. Rf1 Rxf4 35. Qxf4 Qd5 36.
Qc7 a5 37. Qa7 h5 38. h4 Bd4 39. Kh2 f4 40. Qc7 fxg3+ 41. fxg3 Re2+ 42. Kh3 Qe6+ 0-1

[Event "Late-Titled-Tuesday-Blitz-August-29-2023"]
[Site "Chess.com"]
[Date "2023.08.29"]
[Round "1"]
[White "GreatOwl02"]
[Black "Ali_rastbod"]
[Result "0-1"]
[WhiteElo "2360"]
[BlackElo "2674"]
[TimeControl "180+1"]
[EndTime "14:05:50 PDT"]
[Termination "Ali_rastbod won by resignation"]

1. d4 Nf6 2. Nf3 c5 3. d5 b5 4. a4 b4 5. c4 e6 6. Bg5 exd5 7.
cxd5 h6 8. Bxf6 Qxf6 9. Qc2 d6 10. e4 g5 11. Nbd2 Bg7 12. Nc4 O-O 13. Be2 g4 14.
Nfd2 h5 15. O-O-O Nd7 16. f3 Nb6 17. Rdf1 Qe7 18. fxg4 hxg4 19. h3 g3 20. Rf3 f5 21.
Bd3 f4 22. Rhf1 Be5 23. a5 Nxc4 24. Nxc4 Bd7 25. Qd2 Qh4 26. Bc2 Kg7 27. Bb3 Rf6 28. Nxe5 dxe5 29. d6 Bc6 30. Kb1 Rd8 31. Qc2 Rfxd6 32.
Re1 Qe7 33. Ka2 Rd4 34. Rc1 Bxe4 35. Qxc5 Qxc5 36. Rxc5 Bxf3 37. gxf3 g2 0-1